 Dungeon Crawl Stone Soup version 0.17.0-1-g61d176b (console) character file.

24 gw the Magician (level 3, -1/27 HPs)
             Began as a Human Wizard on Nov 7, 2015.
             Killed from afar by Sigmund (8 damage)
             ... with a wand of flame
             ... on level 2 of the Dungeon.
             The game lasted 00:01:23 (1242 turns).

gw the Magician (Human Wizard)                      Turns: 1242, Time: 00:01:24

Health: -1/27      AC:  2    Str:  7    XL:     3   Next: 15%
Magic:  2/7        EV: 12    Int: 19    God:
Gold:   54         SH:  0    Dex: 11    Spells: 1 memorised, 7 levels left

rFire  . . .     SeeInvis .     (no weapon)
rCold  . . .     Clarity  .     a - +0 robe
rNeg   . . .     SustAt   .     (no shield)
rPois  .         Gourm    .     b - +0 hat
rElec  .         Spirit   .     (no cloak)
rCorr  .         Warding  .     (no gloves)
rMut   .         Stasis   .     (no boots)
MR     .....                    (no amulet)
Stlth  ++........               (no ring)
                                (no ring)

@: very slightly contaminated, not resistant to hostile enchantments, unstealthy
A: no striking features
a: no special abilities


You were on level 2 of the Dungeon.
You were not hungry.

You visited 1 branch of the dungeon, and saw 2 of its levels.

You collected 54 gold pieces.

Inventory:

Missiles
 e - 22 bolts
Armour
 a - a +0 robe (worn)
 b - a +0 hat (worn)
Books
 c - a book of Minor Magic

   Spells                             Type                      Level
   a - Magic Dart                     Conjuration                  1
   b - Blink                          Translocation                2
   c - Call Imp                       Summoning                    2
   d - Repel Missiles                 Charms/Air                   2
   e - Slow                           Hexes                        2
   f - Conjure Flame                  Conjuration/Fire             3
   g - Mephitic Cloud                 Conjuration/Poison/Air       3
Comestibles
 d - 3 bread rations


   Skills:
 * Level 1.8 Fighting
 + Level 0.8 Armour
 - Level 2.0 Dodging
 - Level 2.0 Stealth
 + Level 3.2 Spellcasting
 - Level 1.0 Conjurations
   Level 1.0 Summonings
   Level 1.0 Translocations


You had 7 spell levels left.
You knew the following spells:

 Your Spells              Type           Power        Failure   Level  Hunger
a - Magic Dart            Conj           #...         12%         1    None


Dungeon Overview and Level Annotations

Branches:
Dungeon (2/15)

Altars:

Annotations:
D:2 Sigmund


Message History

You hear a zap.
A puff of flame appears from out of thin air!
The puff of flame hits you!
Unknown command.
Unknown command.
Unknown command.
MOVING TO (5,0)
You closely miss something.
You hear a zap.
A puff of flame appears from out of thin air!
The puff of flame misses you.
Unknown command.
Unknown command.
Unknown command.
MOVING TO (4,0)
You miss something.
You hear a zap.
A puff of flame appears from out of thin air!
The puff of flame hits you!
You die...

..#.# ####.#.###.
......... #@......
#.....# .....
#.########'########
#....!p{...........
#.########.########
#.# #.# #######'###
..........#
..........####
..!..........#
...............#


There were no monsters in sight!

Table legend:
 A = Turns spent in this place as a percentage of turns spent in the entire game.
 B = Non-inter-level travel turns spent in this place as a percentage of non-inter-level travel turns spent in the entire game.
 C = Inter-level travel turns spent in this place as a percentage of turns spent in this place.
 D = Turns resting spent in this place as a percentage of non-inter-level travel turns spent in this place.
 E = Turns spent auto-exploring this place as a percentage of non-inter-level travel turns spent in this place.
 F = Non-inter-level travel turns spent in this place divided by the number of levels of this place that you've seen.
                   A       B       C       D       E      F
               +-------+-------+-------+-------+-------+----------------------
         Total | 100.0 | 100.0 |   0.3 |   2.5 |   2.6 | 889.5
       Dungeon | 100.0 | 100.0 |   0.3 |   2.5 |   2.6 | 889.5
               +-------+-------+-------+-------+-------+----------------------

Table legend:
 A = Kills in this place as a percentage of kills in entire the game.
 B = Kills by you in this place as a percentage of kills by you in the entire game.
 C = Kills by friends in this place as a percentage of kills by friends in the entire game.
 D = Other kills in this place as a percentage of other kills in the entire game.
 E = Experience gained in this place as a percentage of experience gained in the entire game.
 F = Experience gained in this place divided by the number of levels of this place that you have seen.
                   A       B       C       D       E      F
               +-------+-------+-------+-------+-------+----------------------
         Total | 100.0 | 100.0 |  -nan |  -nan | 100.0 |  17.5
       Dungeon | 100.0 | 100.0 |  -nan |  -nan | 100.0 |  17.5
               +-------+-------+-------+-------+-------+----------------------

Vanquished Creatures
  An ooze (D:1)
  3 giant geckos
  4 bats
  3 goblins
  A giant newt (D:1)
  A kobold (D:1)
  4 rats
17 creatures vanquished.

Notes
Turn   | Place    | Note
--------------------------------------------------------------
     0 | D:1      | gw the Human Wizard began the quest for the Orb.
     0 | D:1      | Reached XP level 1. HP: 13/13 MP: 4/4
   345 | D:1      | Reached skill level 1 in Fighting
   345 | D:1      | Reached XP level 2. HP: 19/21 MP: 1/6
  1068 | D:2      | Reached XP level 3. HP: 25/27 MP: 4/7
  1226 | D:2      | Noticed Sigmund
  1242 | D:2      | Killed from afar by Sigmund

Action                   || total
-------------------------++-------
Melee: Unarmed           ||    12
 Cast: Magic Dart        ||    46
  Eat: Chunk             ||     1

Vault maps used:
D:1:      dpeg_arrival_tiny_g, minmay_misc_feat_pillars
D:2:      uniq_sigmund
